 Dungeon Crawl Stone Soup version 0.17.0-7-gfadd4cc (console) character file.

14 Kloppie the Sneak (level 2, -2/11 HPs)
             Began as a Felid Enchanter on Nov 8, 2015.
             Slain by a gnoll
             ... wielding a +0 spear
              (5 damage)
             ... on level 1 of the Dungeon.
             The game lasted 00:01:11 (401 turns).

Kloppie the Sneak (Felid Enchanter)                  Turns: 401, Time: 00:01:11

Health: -2/11      AC:  1    Str:  4    XL:     2   Next: 27%
Magic:  6/6        EV: 18    Int: 16    God:
Gold:   25         SH:  0    Dex: 16    Spells: 1 memorised, 4 levels left
                                        Lives:  0   Deaths: 0

rFire  . . .     SeeInvis +       - Unarmed
rCold  . . .     Clarity  .     (armour unavailable)
rNeg   . . .     SustAt   .     (shield unavailable)
rPois  .         Gourm    .     (helmet unavailable)
rElec  .         Spirit   .     (cloak unavailable)
rCorr  .         Warding  .     (gloves unavailable)
rMut   .         Stasis   .     (boots unavailable)
MR     .....                    (no amulet)
Stlth  ++++......               (no ring)
                                (no ring)

@: quick, not resistant to hostile enchantments, stealthy
A: no armour, no weapons or thrown items, claws 1, fangs 3, see invisible,
carnivore 3, speed 1, shaggy fur 1, slow metabolism 1, sharp paws
a: no special abilities


You were on level 1 of the Dungeon.
You were very full.

You visited 1 branch of the dungeon, and saw 1 of its levels.

You collected 25 gold pieces.

Inventory:

Scrolls
 c - a scroll of remove curse {unknown}
 d - a scroll of identify {unknown}
 f - a scroll of enchant weapon {unknown}
 g - a scroll of recharging {unknown}
Potions
 e - a potion of might {unknown}
Books
 a - a book of Maledictions

   Spells                             Type                      Level
   a - Corona                         Hexes                        1
   b - Ensorcelled Hibernation        Hexes/Ice                    2
   c - Confuse                        Hexes                        3
   d - Tukima's Dance                 Hexes                        3
   e - Dazzling Spray                 Conjuration/Hexes            3
Comestibles
 b - a meat ration


   Skills:
 - Level 2.6 Dodging
 + Level 4.5 Stealth
 + Level 1.8 Unarmed Combat
 - Level 2.0 Spellcasting
 - Level 4.4 Hexes


You had 4 spell levels left.
You knew the following spells:

 Your Spells              Type           Power        Failure   Level  Hunger
a - Corona                Hex            ###....      4%          1    #......


Dungeon Overview and Level Annotations

Branches:
Dungeon (1/15)

Altars:


Innate Abilities, Weirdness & Mutations

You cannot wear armour.
You are incapable of wielding weapons or throwing items.
You have sharp claws.
You have razor-sharp teeth.
You have supernaturally acute eyesight.
You are carnivorous and can eat meat at any time.
You cover ground quickly.
You are covered in fur (AC +1).
You have a slow metabolism.
Your sharp claws are effective at attacking unaware monsters.


Message History

A gnoll comes into view. It is wielding a spear.
The helpless rat fails to defend itself.
You claw the rat!
You kill the rat!
Found a dagger.
The gnoll closely misses you. The gnoll completely misses you.
You scratch the gnoll. You bite the gnoll.
The gnoll is heavily wounded.
The gnoll hits you with a spear!
Ouch! That really hurt!
* * * LOW HITPOINT WARNING * * *
You are too injured to fight recklessly!
You scratch the gnoll.
The gnoll is heavily wounded.
The gnoll closely misses you.
You completely miss the gnoll.
The gnoll is heavily wounded.
The gnoll hits you with a spear.
You die...

...............# #.# #.# #......#
...............### #.# ### #......#
########..)..#...# ..# #..#.....
#....#.....#.### ###.# #..#......
###....#.....#.# #.#.. ...#.......
.............#.#####.#####.###..#....... #.#
........######............... ... ..#.#
........# ########.#####.# .. #.#.#
.....##.##### #.......... #. #.#.#.#
.###'##.....#######.######### #.##.#.#.#
.##.........##...##.# #..#.#.#.#
.##..........+...'..# #.#.#.#.#
.##.....######...#####################...#÷#.#
.###.#### #......# #................!.....#.#
.# #.######....÷)####.#################..###.#
.# #....)........................
#.........##### .#
########......#......######### ####.....†....#
##
#####..(...#.................####..........#
#######..........##....########
#...g@...........# ......#.##........'....+
+.......>(.......# #####.#.##.#.....##....#
#)...............# ......#.##.#.....##.[..#
#................# #######.##.#.....##....#
########(........# ........##.#.....##....#
########### ##########.#.######....# #
#....#.#.# #....# # #.##.#.#.# #....# #
#.##.#.#.# #....# # #.##.#.#.# # #.##...#.# #
#.##..##.# #####.##..##.# ......##..##.#
.............# ##############


You could see a gnoll.

Vanquished Creatures
  An ooze (D:1)
  2 hobgoblins (D:1)
  2 kobolds (D:1)
  2 giant newts (D:1)
  3 rats (D:1)
10 creatures vanquished.

Notes
Turn   | Place    | Note
--------------------------------------------------------------
     0 | D:1      | Kloppie the Felid Enchanter began the quest for the Orb.
     0 | D:1      | Reached XP level 1. HP: 7/7 MP: 4/4
   244 | D:1      | Reached XP level 2. HP: 7/11 MP: 6/6
   401 | D:1      | Slain by a gnoll

Action                   || total
-------------------------++-------
Melee: Unarmed           ||    21
 Stab: Sleeping          ||     3
  Eat: Chunk             ||     5
